 Dungeon Crawl Stone Soup version 0.28-a0-43-g560ac104fe (webtiles) character file.

Game seed: 4363350110153573754

1034 Zonian the Sneak (level 8, -1/90 HPs)
             Began as a Human Conjurer on July 28, 2021.
             Was a Believer of Ru.
             Slain by a gnoll (7 damage)
             ... on level 5 of the Dungeon.
             The game lasted 00:12:26 (8844 turns).

Zonian the Sneak (Human Conjurer)                   Turns: 8844, Time: 00:12:27

Health: -1/90      AC:  4    Str:  9    XL:     8   Next: 48%
Magic:  11/11      EV: 13    Int: 19    God:    Ru [**....]
Gold:   44         SH:  0    Dex: 12    Spells: 8/11 levels left

rFire   . . .      SeeInvis .   g - +3 whip (venom)
rCold   . . .      Faith    .   (no shield)
rNeg    . . .      Spirit   .   b - +1 leather armour
rPois   .          Reflect  .   (no helmet)
rElec   .          Harm     .   (no cloak)
rCorr   .          Rampage  .   (no gloves)
Will    .....                   (no boots)
Stlth   ..........              (no amulet)
HPRegen 0.25/turn               (no ring)
MPRegen 0.12/turn               (no ring)

@: berserking, unable to read, very quick
A: inability to read while threatened, no conjurations magic, no fire magic, no
transmutations magic
a: Renounce Religion


You were on level 5 of the Dungeon.
You worshipped Ru.
Ru was pleased with you.
You visited 1 branch of the dungeon, and saw 5 of its levels.

You collected 188 gold pieces.
You spent 144 gold pieces at shops.

Inventory:

Hand Weapons
 c - a +0 vampiric short sword
 e - a +5 club
 g - a +3 whip of venom (weapon)
Missiles
 l - 12 boomerangs
 o - a throwing net
Armour
 a - a +0 robe
 b - a +1 leather armour (worn)
Jewellery
 f - a ring of flight
 h - a ring of magical power
 q - an amulet of faith
Wands
 j - a wand of flame (15)
 v - a wand of digging (3)
 w - a wand of charming (9)
Scrolls
 d - 3 scrolls of teleportation
 p - a scroll of enchant armour
 u - a scroll of noise
Potions
 i - 2 potions of degeneration
 k - a potion of lignification {unknown}
 n - a potion of haste
 r - a potion of cancellation
 s - a potion of experience {unknown}
 t - a potion of might {unknown}
 x - a potion of invisibility {unknown}
 z - a potion of heal wounds


   Skills:
 + Level 4.2 Fighting
 + Level 4.2 Maces & Flails
 + Level 4.9 Dodging
 + Level 5.2 Stealth
 - Level 2.3 Spellcasting


You had 8 spell levels left.
You knew the following spells:

 Your Spells              Type           Power      Damage    Failure   Level
a - Magic Dart            Conj           8%         1d3       24%         1
b - Searing Ray           Conj           4%         3d3       34%         2

Your spell library contained the following spells:

 Spells                   Type           Power      Damage    Failure   Level
 Slow                     Hex            2%         N/A       34%         2
 Confusing Touch          Hex            2%         N/A       56%         3
 Vampiric Draining        Necr           1%         2d6       56%         3
 Dazzling Flash           Conj/Hex       Unusable   N/A       N/A         3
 Fulminant Prism          Conj/Hex       Unusable   3d6       N/A         4
 Iskenderun's Mystic Bla  Conj/Tloc      Unusable   2d3       N/A         4

Dungeon Overview and Level Annotations

Branches:
Dungeon (5/15)
 Temple: D:4-7

Altars:
Hepliaklqana
Qazlal
Ru

Shops:
D:2 ?[[(   D:5 *

Annotations:
D:5 3 runed translucent doors, Demosthentine's ghost, novice MfGl


Innate Abilities, Weirdness & Mutations

You sometimes lose the ability to read scrolls when taking damage.
You cannot study or cast Conjurations magic.
You cannot study or cast Fire magic.
You cannot study or cast Transmutations magic.


Message History

The gnoll hits you with a +0 flail.
Unknown command.
You barely miss the gnoll.
The gnoll is severely wounded.
The gnoll hits you with a +0 flail!
You closely miss the gnoll.
The gnoll is severely wounded.
The gnoll misses you.
Unknown command.
You closely miss the gnoll.
The gnoll is almost dead.
The gnoll barely misses you. Something hits you.
Deactivating autopickup; reactivate with Ctrl-A.
Unknown command.
You closely miss the gnoll.
The gnoll is almost dead.
You kill the gnoll!
The white imp gestures at you.
The puff of frost hits something.
The gnoll closely misses you.
You hear some strange, mumbled words.
Something tries to affect you, but you resist.
The white imp gestures at you.
The puff of frost hits something!
You redirect the orc priest's attack!
The gnoll hits you with a +0 flail!
* * * LOW HITPOINT WARNING * * *
You see here a +0 flail.
You redirect the gnoll's attack!
The gnoll hits itself with a +0 flail.
You hear some strange, mumbled words.
Something tries to affect you, but you resist.
The gnoll shaman is stunned by your conviction and fails to attack.
The orc priest looks braver for a moment.
A red film seems to cover your vision as you go berserk!
You feel yourself moving faster!
You feel mighty!
The gnoll shouts!
The gnoll shaman hits you with a +0 whip!
* * * LOW HITPOINT WARNING * * *
The gnoll hits you with a +0 flail!
You die...

###.. .. #....
.. .. #...# g..
## #..)####...
#..........g
#..)........
#.o{5.......
#..gg....<..
#..@........
#.........:.
#####..........
#..............
#
#.##...........
#....##.#+#.
#....# .#
#....##.#####
...#
##..........
....


You could see a gnoll shaman, an orc priest, 2 gnolls and a white imp.

Vanquished Creatures
  An ice beast (D:5)
  2 ogres (D:3)
  A sky beast (D:5)
  A bullfrog (D:5)
  A scorpion (D:3)
  2 hounds (D:4)
  2 orc priests (D:3)
  A gnoll shaman (D:5)
  An iguana (D:5)
  Jessica (D:3)
  4 orc wizards
  A hound skeleton (D:4)
  12 gnolls
  5 adders
  A white imp (D:5)
  A worm (D:3)
  A dart slug (D:2)
  18 orcs
  5 endoplasms
  A giant cockroach (D:4)
  7 goblins
  9 hobgoblins
  4 quokkas
  6 ball pythons
  3 bats
  3 frilled lizards
  6 kobolds
  4 rats (D:2)
104 creatures vanquished.

Notes
Turn   | Place    | Note
-------+----------+-------------------------------------------
     0 | D:1      | Zonian the Human Conjurer began the quest for the Orb.
     0 | D:1      | Reached XP level 1. HP: 13/13 MP: 3/3
     6 | D:1      | Noticed a snapping turtle
     6 | D:1      | Noticed a rime drake
     6 | D:1      | Noticed a swamp worm
     7 | D:1      | Noticed a salamander
     7 | D:1      | Noticed a hog
   294 | D:1      | Reached XP level 2. HP: 19/19 MP: 3/5
   297 | D:1      | Learned a level 2 spell: Searing Ray
   923 | D:1      | Reached XP level 3. HP: 17/24 MP: 6/6
  1034 | D:1      | Found a faded altar of an unknown god.
  1036 | D:1      | Became a worshipper of Ru the Awakened
  1046 | D:1      | Gained mutation: You sometimes lose the ability to read
                  | scrolls when taking damage. [Ru sacrifice]
  1046 | D:1      | Reached * piety under Ru
  1362 | D:2      | Found Dudoph's Antique Weapon Shop.
  1368 | D:2      | Found Idunwib's Armour Shop.
  1593 | D:2      | Found Odghon's Magic Scroll Shoppe.
  1602 | D:2      | Found a hazy altar of Hepliaklqana.
  1822 | D:2      | Reached skill level 1 in Fighting
  2307 | D:2      | Reached XP level 4. HP: 32/32 MP: 7/7
  2705 | D:3      | Noticed an ogre
  2815 | D:3      | Reached skill level 1 in Maces & Flails
  3293 | D:2      | Reached XP level 5. HP: 21/37 MP: 3/8
  3647 | D:2      | Found Homn's Antique Armour Shoppe.
  4175 | D:3      | Noticed Jessica
  4179 | D:3      | Reached skill level 3 in Stealth
  4186 | D:3      | Killed Jessica
  4342 | D:3      | Found a sacrificial altar of Ru.
  4426 | D:3      | Reached XP level 6. HP: 36/44 MP: 5/9
  4427 | D:3      | Noticed an ogre
  4622 | D:3      | Killed an ogre
  4896 | D:3      | Killed an ogre
  4897 | D:3      | Reached XP level 7. HP: 51/51 MP: 4/10
  5299 | D:3      | Reached skill level 4 in Stealth
  6934 | D:4      | Found a stormy altar of Qazlal.
  7377 | D:5      | Entered Level 5 of the Dungeon
  7407 | D:5      | Reached XP level 8. HP: 24/59 MP: 8/11
  7632 | D:5      | Gained mutation: You cannot study or cast Fire magic. [Ru
                  | sacrifice]
  7632 | D:5      | Gained mutation: You cannot study or cast Transmutations
                  | magic. [Ru sacrifice]
  7632 | D:5      | Gained mutation: You cannot study or cast Conjurations
                  | magic. [Ru sacrifice]
  7632 | D:5      | Reached ** piety under Ru
  7650 | D:5      | Found a runed translucent gate.
  7650 | D:5      | Found a runed translucent gate.
  7650 | D:5      | Found a runed translucent gate.
  7653 | D:5      | Noticed Demosthentine's ghost (novice MfGl)
  7699 | D:5      | HP: 3/60 [gnoll (5)]
  8100 | D:5      | Found Apsegg's Assorted Antiques.
  8108 | D:5      | Reached skill level 5 in Stealth
  8457 | D:5      | Bought a gold wand for 72 gold pieces
  8457 | D:5      | Bought a runed glass wand for 72 gold pieces
  8844 | D:5      | Slain by a gnoll

Illustrated notes

Levels and vault maps discovered:
D:1:      onia_arrival_zoo_common, layout_basic,
          chequers_ecumenical_altar_simple_redux, corexii_corridor_pit,
          chequers_garden
D:2:      minmay_wonky_spiral, layout_basic, basic_altar, serial_shops, shop,
          shop, nicolae_square_shop, shop
D:3:      layout_rooms, nicolae_ru_path_of_blood, uniq_jessica
D:4:      layout_basic, mainiacjoe_overflow_alcove_4
D:5:      layout_basic, minmay_temple_entry_nine_rooms, portal_sewer_entry_b,
          gammafunk_ghost_split, serial_shops, shop

Skill      XL: |  1  2  3  4  5  6  7  8 |
---------------+-------------------------+-----
Fighting       | 1 2 3 4 |  4.2
Maces & Flails | 1 2 3 4 |  4.2
Stealth        | 3 4 5 |  5.2
Dodging        | 3 4 |  4.9
Conjurations   | 0 |  0.0
Spellcasting   | |  2.3

Action                   |  1- 3 |  4- 6 |  7- 9 || total
-------------------------+-------+-------+-------++-------
Melee: Whip              |    51 |    76 |   109 ||   236
 Cast: Magic Dart        |    24 |    19 |    26 ||    69
       Searing Ray       |       |     4 |     5 ||     9
Invok: Sacrifice Words   |     1 |       |       ||     1
       Sacrifice Arcana  |       |       |     1 ||     1
Evoke: Wand              |       |       |     1 ||     1
  Use: Scroll            |       |     8 |     5 ||    13
       Potion            |       |     1 |     2 ||     3
 Stab: Sleeping          |       |     2 |     1 ||     3
       Distracted        |       |     1 |       ||     1
Armor: Leather armour    |     9 |    13 |    28 ||    50
Dodge: Dodged            |    36 |    36 |    83 ||   155

Table legend: (Time is in decaauts)
 A = Elapsed time spent in this place.
 B = Non-inter-level travel time spent in this place.
 C = Inter-level travel time spent in this place.
 D = Time resting spent in this place.
 E = Time spent auto-exploring this place.
 F = Levels seen in this place.
 G = Mean time per level.
                   A        B        C        D        E       F      G
               +--------+--------+--------+--------+--------+-----+--------+
         Total |   8846 |   8746 |    100 |   4560 |   3199 |   5 | 1769.2 |
       Dungeon |   8846 |   8746 |    100 |   4560 |   3199 |   5 | 1769.2 |
               +--------+--------+--------+--------+--------+-----+--------+

Top non-repeatable levels by time:
     D:3: 2287 daAuts
     D:2: 2195 daAuts
     D:4: 1540 daAuts
     D:5: 1460 daAuts
     D:1: 1362 daAuts
